 Dungeon Crawl Stone Soup version 0.25-a0-566-g062765be81 (webtiles) character file.

Game seed: 9640680649519170524, levelgen mode: classic

156181 EnegeticOcto the Pandemonic (level 16, 0/158 HPs)
             Began as a Deep Dwarf Fighter on Feb 27, 2020.
             Was a High Priest of Makhleb.
             Slain by an azure jelly (10 damage)
             ... created by the Royal Jelly
             ... on level 5 of the Pits of Slime.
             The game lasted 00:13:37 (11300 turns).

EnegeticOcto the Pandemonic (Deep Dwarf Fighter)   Turns: 11300, Time: 00:13:38

Health: 0/158      AC: 17    Str: 24    XL:     16   Next: 47%
Magic:  4/4        EV: 11    Int: 10    God:    Makhleb [*****.]
Gold:   1286       SH: 17    Dex: 10    Spells: 15/15 levels left

rFire    + + +     SeeInvis .   y - +8 mithril axe "Arga" {speed, MR+}
rCold    + . .     Gourm    .   c - +0 kite shield
rNeg     + + .     Faith    .   s - +6 plate armour "Juofreorr" {-Tele rF++ rC+ MR+}
rPois    +         Spirit   .   m - +2 helmet
rElec    .         Reflect  .   d - +0 cloak
rCorr    +         Harm     +   A - +1 pair of gloves
MR       ++++.     NoTele   +   (no boots)
Stlth    ..........             t - amulet of harm
HPRegen  0.00/turn              N - ring of the Hero {+Inv rPois rF+++ rN+ Str-2}
MPRegen  0.09/turn              C - ring of resist corrosion

@: corroded, non-regenerating
A: damage resistance, heal wounds, large bone plates 1, clumsy 1, low mp 1,
negative energy resistance 1, sense surroundings 2, screaming 1, no regeneration
}: 2/15 runes: barnacled, gossamer
a: Heal Wounds, Minor Destruction, Lesser Servant of Makhleb, Major Destruction,
Greater Servant of Makhleb, Renounce Religion, Evoke Invisibility


You were on level 5 of the Pits of Slime.
You worshipped Makhleb.
Makhleb was extremely pleased with you.
You were completely stuffed.

You visited 6 branches of the dungeon, and saw 30 of its levels.

You collected 1286 gold pieces.

Inventory:

Hand Weapons
 g - a +4 war axe of flaming
 y - the +8 mithril axe "Arga" (weapon) {speed, MR+}
   (You found it on level 2 of the Lair of Beasts)

   Attacks with this weapon are significantly faster.
   It affects your resistance to hostile enchantments.
Missiles
 K - 4 throwing nets (quivered)
Armour
 c - a +0 kite shield (worn)
 d - a +0 cloak (worn)
 m - a +2 helmet (worn)
 s - the +6 plate armour "Juofreorr" (worn) {-Tele rF++ rC+ MR+}
   (You found it on level 4 of the Dungeon)

   It greatly protects you from fire.
   It protects you from cold.
   It affects your resistance to hostile enchantments.
   It prevents most forms of teleportation.
   If you remove this armour, your AC will decrease by 21 (17 -> -4).
 A - a +1 pair of gloves (worn)
Jewellery
 f - an uncursed ring of protection from cold {unknown}
 t - an amulet of harm (around neck)
 C - a ring of resist corrosion (right hand)
 N - the ring of the Hero (left hand) {+Inv rPois rF+++ rN+ Str-2}
   (You found it on level 1 of the Spider Nest)

   [ring of positive energy]

   It affects your strength (-2).
   It renders you almost immune to fire.
   It protects you from poison.
   It protects you from negative energy.
   It lets you turn invisible.
Wands
 h - a wand of acid (33) {@v1}
 v - a wand of paralysis (8)
 D - a wand of scattershot (7)
 G - a wand of flame (19)
 J - a wand of clouds (4)
Scrolls
 a - 5 scrolls of teleportation {@r2}
 b - 6 scrolls of remove curse {@r6}
 i - 4 scrolls of enchant weapon
 q - 3 scrolls of fear
 I - a scroll of magic mapping {@r5}
 L - a scroll of blinking {@r3}
 M - a scroll of brand weapon
Potions
 j - 2 potions of curing {@q1}
 l - 2 potions of magic
 o - a potion of lignification {@q7}
 p - a potion of berserk rage
 r - 5 potions of brilliance
 u - a potion of heal wounds {@q2}
 w - 3 potions of ambrosia
 x - a potion of flight
 z - 3 potions of cancellation
 F - a potion of stabbing {unknown}
 S - a potion of mutation
Comestibles
 e - 28 rations


   Skills:
 * Level 13.6 Fighting
 * Level 15.6 Axes
 + Level 11.9 Armour
 - Level 10.3 Dodging
 + Level 12.0 Shields
 * Level 16.6 Invocations


You had 15 spell levels left.
You didn't know any spells.
Your spell library was empty.

Dungeon Overview and Level Annotations

Branches:
Dungeon (11/15)            Temple (1/1) D:6            Lair (5/6) D:9
 Shoals (4/4) Lair:2       Spider (4/4) Lair:3        Slime (5/5) Lair:5
    Orc (0/2) D:9

Altars:
Cheibriados
Dithmenos
Elyvilon
Fedhas
Gozag
Hepliaklqana
Kikubaaqudgha
Makhleb
Nemelex Xobeh
Vehumet
Wu Jian
Yredelemnul
Zin
The Shining One
Jiyva

Shops:
D:5 [   D:6 }

Annotations:
Lair:3 exclusion: 3 oklob plants
Shoals:3 Polyphemus


Innate Abilities, Weirdness & Mutations

You are resistant to damage.
You can heal yourself by infusing magical energy.
You resist negative energy. (rN+)
You passively map the area around you.
You do not regenerate.
You are partially covered in large bone plates. (SH +4)
You are clumsy. (Dex -2)
Your magical capacity is low. (-10% MP)
You occasionally shout uncontrollably at your foes.


Message History

The acid blob hits you but does no damage.
You are too injured to fight recklessly!
You are too injured to fight recklessly!
You are too injured to fight recklessly!
You are too injured to fight recklessly!
You are too injured to fight recklessly!
You are too injured to fight recklessly!
You are too injured to fight recklessly!
You are too injured to fight recklessly!
You are too injured to fight recklessly!
You are too injured to fight recklessly!
You are too injured to fight recklessly!
You are too injured to fight recklessly!
You are too injured to fight recklessly!
You are too injured to fight recklessly!
You are too injured to fight recklessly!
You are too injured to fight recklessly!
You are too injured to fight recklessly!
You are too injured to fight recklessly!
You are too injured to fight recklessly!
You are too injured to fight recklessly!
You are too injured to fight recklessly!
You are too injured to fight recklessly!
You are too injured to fight recklessly!
You are too injured to fight recklessly!
You feel much better. You block the azure jelly's attack. x2
The azure jelly barely misses you. The azure jelly closely misses you.
The azure jelly misses you.
The azure jelly hits you but does no damage. x3
The acid blob spits acid at you.
The splash of acid hits you but does no damage.
You are splashed with acid!
You resist. You block the azure jelly's attack. The azure jelly hits you.
The azure jelly freezes you! You resist. The azure jelly closely misses you.
The azure jelly barely misses you. The acid blob spits acid at you.
The splash of acid hits you. You resist. The acid corrodes you!
You are splashed with acid.
You resist.
You feel much better.
The azure jelly jiggles.
You block the azure jelly's attack.
The azure jelly hits you but does no damage. x2
You block the azure jelly's attack.
The azure jelly hits you but does no damage. x3
You block the azure jelly's attack. The acid blob hits you!!
You are splashed with acid.
You resist. The azure jelly barely misses you.
The azure jelly hits you but does no damage. x3
The acid blob spits acid at you. The splash of acid hits you! You resist.
The acid corrodes you!
You are splashed with acid!
You resist. You block the azure jelly's attack.
The azure jelly hits you but does no damage.
The azure jelly barely misses you.
The azure jelly hits you but does no damage.
Your plate armour "Juofreorr" prevents you from hitting the azure jelly.
The azure jelly is almost dead.
You hit the azure jelly but do no damage.
You hit the acid blob.
Your hands burn!
You hit the azure jelly. You block the azure jelly's attack. x2
The azure jelly hits you but does no damage. x2
The acid blob hits you.
You are splashed with acid.
You resist.
The azure jelly hits you but does no damage. x2
The azure jelly misses you. The azure jelly barely misses you.
A demon appears!
You block the azure jelly's attack. x2
The azure jelly hits you!
The azure jelly hits you but does no damage.
The azure jelly completely misses your green death.
The azure jelly hits your green death.
The azure jelly freezes your green death!!
The azure jelly barely misses your green death.
The azure jelly hits your green death!
The azure jelly hits you but does no damage.
You block the azure jelly's attack. The azure jelly hits you. x2
The acid blob hits you!
* * * LOW HITPOINT WARNING * * *
You are splashed with acid.
You resist. The azure jelly hits your green death!
The azure jelly freezes your green death!!!
Your green death dies!
The acid blob hits you but does no damage.
The azure jelly hits you but does no damage.
The azure jelly closely misses you.
The azure jelly hits you but does no damage. x2
You feel much better.
The azure jelly hits you but does no damage. x5
The azure jelly hits you. The azure jelly freezes you!! You resist.
* * * LOW HITPOINT WARNING * * *
The azure jelly hits you but does no damage.
The azure jelly hits you. The acid blob spits acid at you.
The splash of acid hits you but does no damage.
The acid corrodes you!
You are splashed with acid!
You resist.
* * * LOW HITPOINT WARNING * * *
You block the acid blob's attack. The acid blob barely misses you.
The azure jelly hits you but does no damage.
The azure jelly hits you. The azure jelly freezes you! You resist.
* * * LOW HITPOINT WARNING * * *
The azure jelly hits you but does no damage. x2
The azure jelly jiggles.
The azure jelly hits you.
* * * LOW HITPOINT WARNING * * *
The azure jelly freezes you! You resist.
You die...

,, , * ,,, , ,, *
([.)....[.$$ , ,,,
##..........### ,,
, ,
,...............*,
, , ,, ,
#............# ,,
,,, ##..........##
*, , , *
#$?.).JG.).)}## ,
, ,
*$$:$.JJJJ.)|((# ,
, [):=).J@.()φ}/#*
, , ,
*#(:[##JJ##)})##
,, , ,.#
#J##,,,##, , , ,
..# #..# *#. , , ,
,,...#####.####...
, , , ,
................ ,
, ,
................,
, ,
................
,................
,


You could see 3 acid blobs, 6 azure jellies and a shining eye.

Vanquished Creatures
  the Royal Jelly (Slime:5)
  15 acid blobs
  9 azure jellies
  2 ghost moths
  2 emperor scorpions (Spider:4)
  2 entropy weavers (Spider:1)
  5 merfolk javelineers (Shoals:4)
  3 death oozes
  4 merfolk impalers (Shoals:4)
  3 hydras
  Erica (D:8)
  A two-headed ogre (D:8)
  4 merfolk avatars
  An alligator snapping turtle (Shoals:4)
  3 merfolk aquamancers (Shoals:4)
  A queen ant (Spider:1)
  8 death scarabs (Spider:4)
  A kraken simulacrum (Shoals:4)
  An unseen horror (D:10)
  2 sea snakes (Shoals:4)
  Pikel (D:5)
  2 wolf spider zombies (Spider:4)
  A necromancer (Lair:4)
  5 harpies (Shoals:1)
  2 cyclopes (Shoals:4)
  3 spectral wolf spiders (Spider:4)
  6 wolf spiders
  2 orb spiders
  A shining eye (Slime:2)
  6 fauns (Shoals:1)
  2 moths of wrath (Spider:4)
  2 manticores (Shoals:4)
  An elephant (D:9)
  3 black mambas
  A water nymph (Shoals:4)
  Joseph (D:9)
  7 merfolk sirens
  6 spiny frogs
  A komodo dragon (Lair:2)
  2 eyes of devastation
  A centaur skeleton (D:10)
  A redback zombie (Spider:4)
  A rime drake (Lair:3)
  4 spectral redbacks (Spider:4)
  2 demonic crawlers
  The ghost of Flugslaktarn the Skirmisher, an amateur MiFi (D:5)
  12 jumping spiders
  10 merfolk
  2 trolls
  A wind drake (Shoals:4)
  2 hornets (Spider:4)
  Prince Ribbit (D:5)
  2 spectral tarantellas (Spider:4)
  3 spectral jumping spiders (Spider:4)
  8 blink frogs (Lair:3)
  3 snapping turtles (Shoals:4)
  43 slime creatures
  A jumping spider zombie (Spider:4)
  A tarantella zombie (Spider:4)
  5 hippogriffs
  18 redbacks
  10 yaks
  12 tarantellas
  A wraith (D:10)
  A spriggan (D:8)
  A water elemental (Shoals:2)
  A wyvern (D:9)
  A fire elemental (Lair:4)
  6 basilisks
  3 soldier ants (Spider:1)
  7 water moccasins
  An ice beast (D:10)
  2 spectral hornets (Spider:4)
  2 porcupines
  6 orc warriors
  4 sky beasts
  An eye of draining (Slime:2)
  4 slaves (D:5)
  2 black bears
  3 hornet zombies (Spider:4)
  4 ogres
  4 phantoms
  3 necrophages
  6 centaurs
  A big kobold (D:8)
  7 crocodiles
  11 bullfrogs
  A gnoll sergeant (D:6)
  3 scorpions
  3 killer bees (D:11)
  5 wights (D:10)
  A howler monkey (D:7)
  3 electric eels
  4 crimson imps
  2 bullfrog zombies (D:5)
  3 centaur zombies
  3 quasits (D:5)
  3 hounds
  A jelly (D:7)
  6 orc priests
  2 iguanas
  Jessica (D:2)
  11 worker ants
  5 orc wizards
  2 yak simulacra (Lair:4)
  A polar bear simulacrum (Lair:4)
  4 wolf simulacra (Lair:4)
  A hound zombie (D:10)
  A hound skeleton (D:8)
  Robin (D:2)
  A howler monkey zombie (D:8)
  6 gnolls
  4 adders
  2 shadow imps
  An adder zombie (D:5)
  3 adder skeletons
  A worm (D:4)
  6 leopard geckos
  34 orcs
  A giant cockroach (D:5)
  12 goblins
  6 hobgoblins
  24 jackals
  7 kobolds
  A quokka (D:7)
  3 bats
  A frilled lizard (D:2)
  A jackal skeleton (D:4)
  A leopard gecko skeleton (D:4)
  A quokka zombie (D:6)
  8 rats
  4 river rat simulacra (Lair:4)
  A bush (Lair:3)
  A butterfly (Lair:1)
  3 fungi
  A plant (Lair:3)
551 creatures vanquished.

Vanquished Creatures (collateral kills)
  An entropy weaver (Spider:1)
  A great orb of eyes (Slime:2)
  A hydra (D:11)
  An unseen horror (D:11)
  A spectral wolf spider (Spider:4)
  4 orb spiders
  2 wolf spiders (Spider:4)
  2 spectral redbacks (Spider:4)
  2 jumping spiders
  A hornet (Spider:4)
  2 slime creatures
  A snapping turtle (Shoals:4)
  2 tarantella zombies (Spider:4)
  6 redbacks
  2 tarantellas (Spider:4)
  A soldier ant (Spider:1)
  A spectral hornet (Spider:4)
  An ogre (D:11)
  A worker ant (Spider:1)
  A worker ant zombie (D:11)
34 creatures vanquished.

Vanquished Creatures (others)
  Ilsuiw (Shoals:4)
  A merfolk (Shoals:4)
  A water elemental (Shoals:4)
  A plant (Shoals:4)
  3 tentacles (Shoals:4)
7 creatures vanquished.

Grand Total: 592 creatures vanquished

Notes
Turn   | Place    | Note
-------+----------+-------------------------------------------
     0 | D:1      | EnegeticOcto the Deep Dwarf Fighter began the quest for the
                  | Orb.
     0 | D:1      | Reached XP level 1. HP: 20/20 MP: 1/1
   145 | D:1      | Reached XP level 2. HP: 27/27 MP: 2/2
   203 | D:2      | Noticed Jessica
   213 | D:2      | Killed Jessica
   213 | D:2      | Reached skill level 1 in Dodging
   213 | D:2      | Reached XP level 3. HP: 32/34 MP: 3/3
   269 | D:2      | Noticed Robin
   288 | D:2      | Killed Robin
   288 | D:2      | Reached XP level 4. HP: 42/42 MP: 3/3
   477 | D:4      | Reached XP level 5. HP: 36/50 MP: 4/4
   948 | D:4      | Found a snail-covered altar of Cheibriados.
   948 | D:4      | Found a shadowy altar of Dithmenos.
  1084 | D:4      | Got a jade-encrusted plate armour
  1095 | D:4      | Identified the +6 plate armour "Juofreorr" {-Tele rF++ rC+
                  | MR+} (You found it on level 4 of the Dungeon)
  1120 | D:5      | Entered Level 5 of the Dungeon
  1120 | D:5      | Noticed an ogre
  1129 | D:5      | Killed an ogre
  1129 | D:5      | Reached XP level 6. HP: 37/57 MP: 5/5
  1134 | D:5      | Found Dovoirao's Armour Boutique.
  1143 | D:5      | Found a hazy altar of Hepliaklqana.
  1187 | D:5      | Found a transporter.
  1194 | D:5      | Noticed Flugslaktarn's ghost (amateur MiFi)
  1251 | D:5      | Noticed a slave
  1251 | D:5      | Noticed Pikel
  1252 | D:5      | Noticed a slave
  1252 | D:5      | Noticed a slave
  1252 | D:5      | Noticed a slave
  1268 | D:5      | Killed a slave
  1268 | D:5      | Killed a slave
  1272 | D:5      | Killed a slave
  1280 | D:5      | Killed a slave
  1294 | D:5      | Killed Pikel
  1294 | D:5      | Reached skill level 5 in Fighting
  1294 | D:5      | Reached skill level 5 in Axes
  1294 | D:5      | Reached skill level 5 in Armour
  1294 | D:5      | Reached XP level 7. HP: 39/67 MP: 6/6
  1347 | D:5      | Found a sparkling altar of Nemelex Xobeh.
  1376 | D:5      | Noticed Prince Ribbit
  1401 | D:5      | Killed Prince Ribbit
  1401 | D:5      | Reached skill level 5 in Shields
  1401 | D:5      | Reached XP level 8. HP: 52/75 MP: 7/7
  1402 | D:5      | Found a transporter.
  1822 | D:6      | Gained mutation: You passively map the area around you.
                  | [Deep Dwarf growth]
  1822 | D:6      | Reached XP level 9. HP: 58/85 MP: 4/4
  2036 | D:6      | Found a staircase to the Ecumenical Temple.
  2045 | Temple   | Entered the Ecumenical Temple
  2067 | Temple   | Became a worshipper of Makhleb the Destroyer
  2089 | D:6      | Found Ymi Zogh's Gadget Boutique.
  2481 | D:5      | Killed Flugslaktarn's ghost
  2481 | D:5      | Reached skill level 1 in Invocations
  2482 | D:5      | Reached skill level 2 in Invocations
  2492 | D:5      | Got the ring of Ituq {Dex-6}
  2497 | D:5      | Identified the cursed ring of Ituq {rN+++ Int+5 Dex-6} (You
                  | found it on level 5 of the Dungeon)
  2724 | D:7      | You fall into a shaft and drop 1 floor!
  2782 | D:8      | Reached skill level 5 in Dodging
  2782 | D:8      | Reached skill level 3 in Invocations
  2860 | D:7      | Reached * piety under Makhleb
  3273 | D:7      | Reached skill level 4 in Invocations
  3580 | D:8      | Noticed Erica
  3594 | D:8      | Killed Erica
  3594 | D:8      | Reached skill level 5 in Invocations
  3594 | D:8      | Reached XP level 10. HP: 71/94 MP: 7/7
  3636 | D:8      | Noticed a two-headed ogre
  3644 | D:8      | Killed a two-headed ogre
  3825 | D:8      | Reached ** piety under Makhleb
  3916 | D:9      | Found a staircase to the Lair.
  3916 | D:9      | Noticed an elephant
  3929 | D:9      | Killed an elephant
  3929 | D:9      | Reached skill level 6 in Invocations
  3992 | D:9      | Found a staircase to the Orcish Mines.
  4255 | D:9      | Reached skill level 7 in Invocations
  4429 | D:9      | Noticed Joseph
  4444 | D:9      | Killed Joseph
  4748 | D:10     | Entered Level 10 of the Dungeon
  4773 | D:10     | Killed an unseen horror
  4773 | D:10     | Reached XP level 11. HP: 84/104 MP: 10/10
  4850 | D:10     | Reached *** piety under Makhleb
  4985 | D:10     | Reached skill level 8 in Invocations
  5186 | D:11     | Noticed a five-headed hydra
  5209 | D:11     | Killed a 12-headed hydra
  5209 | D:11     | Reached skill level 10 in Axes
  5249 | D:11     | Killed an unseen horror
  5670 | D:11     | Reached skill level 9 in Invocations
  5773 | Lair:1   | Entered Level 1 of the Lair of Beasts
  5787 | Lair:1   | Reached **** piety under Makhleb
  5821 | Lair:1   | Noticed a six-headed hydra
  5830 | Lair:1   | Killed a one-headed hydra
  5905 | Lair:2   | Gained mutation: Your magical capacity is low. (-10% MP)
                  | [potion of mutation]
  5905 | Lair:2   | Gained mutation: You occasionally shout uncontrollably at
                  | your foes. [potion of mutation]
  5905 | Lair:2   | Gained mutation: You are partially covered in large bone
                  | plates. (SH +4) [potion of mutation]
  6059 | Lair:2   | Reached XP level 12. HP: 115/115 MP: 9/9
  6225 | Lair:2   | Found the +8 mithril axe "Arga" {speed, MR+}
  6519 | Lair:2   | Found a staircase to the Shoals.
  6756 | Lair:3   | Reached skill level 10 in Invocations
  7091 | Lair:3   | Found a hole to the Spider Nest.
  7422 | Lair:4   | Reached skill level 10 in Fighting
  7559 | Lair:4   | Reached ***** piety under Makhleb
  8177 | Lair:5   | Found a staircase to the Slime Pits.
  8222 | Spider:1 | Entered Level 1 of the Spider Nest
  8263 | Spider:1 | Got a transparent glass ring
  8281 | Spider:1 | Identified the ring of the Hero {+Inv rPois rF+++ rN+
                  | Str-2} (You found it on level 1 of the Spider Nest)
  8328 | Spider:1 | Reached skill level 11 in Invocations
  8344 | Spider:1 | Noticed an entropy weaver
  8358 | Spider:1 | Killed an entropy weaver
  8377 | Spider:1 | Noticed a queen ant
  8388 | Spider:1 | Killed a queen ant
  8442 | Spider:1 | Noticed an entropy weaver
  8459 | Spider:1 | Killed an entropy weaver
  8509 | Spider:1 | Noticed an entropy weaver
  8514 | Spider:1 | Killed an entropy weaver
  8514 | Spider:1 | Reached XP level 13. HP: 97/124 MP: 11/11
  8839 | Spider:3 | Killed a ghost moth
  9037 | Spider:3 | Reached skill level 12 in Invocations
  9041 | Spider:4 | Entered Level 4 of the Spider Nest
  9241 | Spider:4 | Noticed an emperor scorpion
  9263 | Spider:4 | Noticed an emperor scorpion
  9273 | Spider:4 | Killed an emperor scorpion
  9279 | Spider:4 | Reached skill level 10 in Shields
  9294 | Spider:4 | Killed an emperor scorpion
  9322 | Spider:4 | Reached skill level 10 in Armour
  9322 | Spider:4 | Reached skill level 13 in Invocations
  9334 | Spider:4 | Killed a ghost moth
  9334 | Spider:4 | Gained mutation: You resist negative energy. (rN+) [Deep
                  | Dwarf growth]
  9334 | Spider:4 | Reached XP level 14. HP: 114/135 MP: 1/10
  9396 | Spider:4 | Got a gossamer rune of Zot
  9485 | Spider:4 | Noticed an entropy weaver
  9649 | Shoals:1 | Entered Level 1 of the Shoals
  9939 | Shoals:3 | Noticed Polyphemus
  9939 | Shoals:3 | Noticed a kraken
  9942 | Shoals:4 | Entered Level 4 of the Shoals
  9956 | Shoals:4 | Reached skill level 14 in Invocations
  9966 | Shoals:4 | Reached ****** piety under Makhleb
 10107 | Shoals:4 | Reached skill level 10 in Dodging
 10161 | Shoals:4 | Noticed Ilsuiw
 10177 | Shoals:4 | Reached XP level 15. HP: 145/145 MP: 9/9
 10240 | Shoals:4 | Killed Ilsuiw
 10333 | Shoals:4 | Got a barnacled rune of Zot
 10576 | Slime:1  | Entered Level 1 of the Pits of Slime
 10762 | Slime:2  | Noticed an acid blob
 10775 | Slime:2  | Killed an acid blob
 10775 | Slime:2  | Reached skill level 15 in Invocations
 10800 | Slime:2  | Noticed an acid blob
 10804 | Slime:2  | Gained mutation: You are clumsy. (Dex -2) [a shining eye]
 10814 | Slime:2  | Killed an acid blob
 10882 | Slime:3  | Noticed an acid blob
 10894 | Slime:3  | Killed an acid blob
 10905 | Slime:3  | Noticed an acid blob
 10907 | Slime:3  | Noticed an azure jelly
 10933 | Slime:2  | Killed an acid blob
 10990 | Slime:3  | Killed an azure jelly
 11015 | Slime:4  | Noticed an acid blob
 11015 | Slime:4  | Noticed an azure jelly
 11030 | Slime:4  | Noticed an acid blob
 11032 | Slime:4  | Killed an acid blob
 11043 | Slime:4  | Killed an azure jelly
 11048 | Slime:4  | Killed an acid blob
 11049 | Slime:4  | Reached skill level 15 in Axes
 11061 | Slime:5  | Entered Level 5 of the Pits of Slime
 11080 | Slime:5  | Noticed an acid blob
 11081 | Slime:5  | Noticed an acid blob
 11081 | Slime:5  | Noticed an acid blob
 11094 | Slime:5  | Noticed an azure jelly
 11152 | Slime:5  | Killed an acid blob
 11153 | Slime:5  | Killed an acid blob
 11156 | Slime:5  | Killed an acid blob
 11156 | Slime:5  | Reached skill level 16 in Invocations
 11156 | Slime:5  | Reached XP level 16. HP: 157/157 MP: 6/6
 11187 | Slime:5  | Found a viscous altar of Jiyva.
 11188 | Slime:5  | Noticed the Royal Jelly
 11188 | Slime:5  | Noticed an acid blob
 11194 | Slime:5  | Noticed an acid blob
 11194 | Slime:5  | Noticed an acid blob
 11195 | Slime:5  | Noticed an acid blob
 11200 | Slime:5  | Killed an acid blob
 11207 | Slime:5  | Noticed an acid blob
 11207 | Slime:5  | Noticed an acid blob
 11217 | Slime:5  | Killed an acid blob
 11243 | Slime:5  | Killed an acid blob
 11260 | Slime:5  | Killed an acid blob
 11266 | Slime:5  | Killed an acid blob
 11278 | Slime:5  | Killed an acid blob
 11292 | Slime:5  | Noticed an acid blob
 11293 | Slime:5  | Noticed an acid blob
 11295 | Slime:5  | Killed the Royal Jelly
 11295 | Slime:5  | Noticed an acid blob
 11300 | Slime:5  | Slain by an azure jelly

Levels and vault maps discovered:
D:1:      dpeg_arrival_ratfight, layout_basic
D:2:      layout_basic, first_ration, uniq_jessica, uniq_robin
D:3:      layout_loops_ring, chequers_temple_overflow_statue_of_worship,
          overflow_temple_1_default, minivault_25, uniq_terence,
          uniq_crazy_yiuf_cottage, uniq_sigmund
D:4:      lemuel_castle_with_subvaults [lemuel_castle_interior_carwin_3],
          layout_basic, gammafunk_temple_overflow_elements
D:5:      layout_cave_pools, basic_altar, serial_shops, nicolae_shop_trees,
          gammafunk_ghost_stat_death, chequers_serial_rivers_marsh,
          hangedman_glass_teeth, nemelex_xobeh_ov_fountains_minmay, uniq_pikel,
          uniq_prince_ribbit1
D:6:      layout_rooms, minmay_temple_entry_crystal_x, serial_shops, shop,
          nzn_random_ring
D:7:      layout_loops_corners
D:8:      layout_cave_pools, hangedman_abyss_or_decor_lesser_grid, the_bakery,
          uniq_erica
D:9:      layout_gridville, david_lair_generic, david_orc_2,
          minmay_misc_feat_ornament, uniq_joseph
D:10:     layout_basic
D:11:     layout_basic, serial_shops, kennysheep_mini,
          chequers_serial_rivers_small_a, centaur_isle
Temple:   eino_wide_crystal_templ
Lair:1:   layout_regular_city, lemuel_fruit_fields, grunt_megastairs_3
Lair:2:   layout_concentric_octagons, shoals_dummy_entry
Lair:3:   dpeg_oklob_gauntlet, layout_gridlike,
          nicolae_spider_entry_tight_spaces, lemuel_fruit_tree
Lair:4:   layout_gridlike, st_stairs_11, eino_house_with_fridge
Lair:5:   layout_misc_corridors, slime_dummy, grunt_megastairs_4
Shoals:1: layout_shoals, serial_shops, shop,
          nicolae_shoals_stone_sculpture_thing
Shoals:2: layout_shoals
Shoals:3: layout_shoals, wheals_shoals_ruined_temple, uniq_polyphemus
Shoals:4: shoals_end_grunt_ice, layout_shoals, shoals_ilsuiw_ice
Spider:1: layout_spider_delve, nicolae_spider_ant_collections
Spider:2: layout_spider_delve, guppyfry_spider_mini_1
Spider:3: layout_spider_delve, uniq_arachne
Spider:4: floodkiller_spider_rune_tomb
Slime:1:  layout_caves, cheibrodos_slime_lost_civilization_6
Slime:2:  layout_caves, nicolae_slime_round_cave
Slime:3:  layout_caves, nicolae_slime_phagocytosis
Slime:4:  layout_caves
Slime:5

Skill      XL: |  1  2  3  4  5  6  7  8  9 10 11 12 13 14 15 16 |
---------------+-------------------------------------------------+-----
Fighting       | 3 4 5 6 7 8 9 10 11 12 13 | 13.6
Dodging        | 1 2 3 4 5 6 7 8 9 10 | 10.3
Axes           | 3 5 7 8 9 10 11 13 14 15 | 15.6
Armour         | 4 5 6 7 8 9 10 11 | 11.9
Shields        | 4 5 6 7 8 9 10 11 12 | 12.0
Invocations    | 5 7 9 11 13 14 16 | 16.6

Action                   |  1- 3 |  4- 6 |  7- 9 | 10-12 | 13-15 | 16-18 || total
-------------------------+-------+-------+-------+-------+-------+-------++-------
Melee: War axe           |    54 |   181 |   332 |   430 |    10 |       ||  1007
       Broad axe         |       |       |       |   222 |   732 |   101 ||  1055
Throw: Throwing net      |       |       |       |       |       |     1 ||     1
Invok: Lesser Servant of |       |       |       |     4 |    17 |     2 ||    23
       Greater Servant o |       |       |       |       |       |     2 ||     2
 Abil: Heal Wounds       |     2 |     4 |    14 |     7 |    42 |    15 ||    84
Evoke: Wand              |       |       |       |       |     4 |       ||     4
  Use: Scroll            |       |     9 |     5 |    10 |     6 |       ||    30
       Potion            |       |       |       |     1 |    14 |     1 ||    16
 Stab: Distracted        |       |       |       |     3 |     8 |       ||    11
       Held in net/web   |       |       |       |       |       |     1 ||     1
  Eat: Ration            |       |     1 |       |     1 |     5 |       ||     7
       Chunk             |       |       |     7 |    14 |     1 |       ||    22
Armor: Scale mail        |    33 |    55 |       |       |       |       ||    88
       Plate armour      |       |    78 |   321 |   363 |   549 |   113 ||  1424
Dodge: Dodged            |    17 |    92 |   126 |   154 |   290 |    53 ||   732
Block: Kite shield       |    37 |   131 |   229 |   380 |   697 |   106 ||  1580

Table legend:
 A = Non-vault XP
 B = Vault XP
 C = Vault XP percentage of total XP
 D = Non-vault monster count
 E = Vault monster count
 F = Vault count percentage of total count
                 A         B        C        D         E       F
            +---------+---------+-------+---------+---------+-------
      Total |   84112 |   99004 |  54.1 |     352 |     214 |  37.8
            +---------+---------+-------+---------+---------+-------
        D:1 |       9 |       5 |  35.7 |       5 |       5 |  50.0
        D:2 |      10 |      77 |  88.5 |       7 |      14 |  66.7
        D:3 |      19 |       0 |   0.0 |       8 |       0 |   0.0
        D:4 |      80 |      71 |  47.0 |       6 |      17 |  73.9
        D:5 |     648 |    1388 |  68.2 |      11 |       6 |  35.3
        D:6 |     611 |     595 |  49.3 |      20 |      10 |  33.3
        D:7 |     763 |       0 |   0.0 |      19 |       0 |   0.0
        D:8 |    1792 |    1211 |  40.3 |      19 |       3 |  13.6
        D:9 |    1738 |    1714 |  49.7 |      21 |      13 |  38.2
       D:10 |    2801 |       0 |   0.0 |      31 |       0 |   0.0
       D:11 |    4222 |       0 |   0.0 |      29 |       0 |   0.0
     Lair:1 |    1752 |       0 |   0.0 |       5 |       0 |   0.0
     Lair:2 |    3825 |       0 |   0.0 |      16 |       0 |   0.0
     Lair:3 |    4271 |    1280 |  23.1 |      18 |       5 |  21.7
     Lair:4 |    2080 |    1034 |  33.2 |      11 |      13 |  54.2
     Lair:5 |    2089 |       0 |   0.0 |       3 |       0 |   0.0
   Shoals:1 |    8019 |       0 |   0.0 |      16 |       0 |   0.0
   Shoals:2 |    1439 |       0 |   0.0 |       3 |       0 |   0.0
   Shoals:4 |    5905 |   20891 |  78.0 |      12 |      31 |  72.1
   Spider:1 |    1152 |    5862 |  83.6 |       5 |      13 |  72.2
   Spider:3 |    6883 |       0 |   0.0 |      23 |       0 |   0.0
   Spider:4 |    4124 |   27955 |  87.1 |      14 |      66 |  82.5
    Slime:1 |    1530 |       0 |   0.0 |       5 |       0 |   0.0
    Slime:2 |    4588 |    6137 |  57.2 |       3 |       9 |  75.0
    Slime:3 |    9461 |       0 |   0.0 |      21 |       0 |   0.0
    Slime:4 |    9377 |       0 |   0.0 |      13 |       0 |   0.0
    Slime:5 |    4924 |   30784 |  86.2 |       8 |       9 |  52.9
            +---------+---------+-------+---------+---------+-------
